 Dungeon Crawl Stone Soup version 0.18.1-8-gdd0e5ea (webtiles) character file.

3462 mrath the Chucker (level 9, -3/88 HPs)
             Began as a Troll Hunter on June 10, 2016.
             Was an Initiate of Okawaru.
             Slain by a wolf (11 damage)
             ... led by Grum
             ... on level 8 of the Dungeon on June 11, 2016.
             The game lasted 00:55:03 (8817 turns).

mrath the Chucker (Troll Hunter)                    Turns: 8817, Time: 00:55:04

Health: -3/88      AC:  5    Str: 22    XL:     9   Next: 78%
Magic:  19/19      EV: 12    Int:  7    God:    Okawaru [......]
Gold:   461        SH:  0    Dex: 13    Spells: 0 memorised, 8 levels left

rFire  . . .     SeeInvis .       - Unarmed
rCold  . . .     Gourm    +     b - +0 robe
rNeg   . . .     Faith    .     (no shield)
rPois  +         Spirit   .     (helmet restricted)
rElec  .         Dismiss  .     (no cloak)
rCorr  .         Reflect  .     (gloves unavailable)
SustAt .         Harm     .     (boots unavailable)
MR     .....                    l - amulet of rage
Stlth  ++........               u - ring of poison resistance
                                x - ring of magical power

@: exhausted, slowed, drained, very slow, not resistant to hostile enchantments,
unstealthy
A: unfitting armour, claws 3, fast metabolism 3, gourmand, regeneration 2,
shaggy fur 1, tough skin 2
a: Renounce Religion, Evoke Berserk Rage


You were on level 8 of the Dungeon.
You worshipped Okawaru.
Okawaru was noncommittal.
You were full.

You visited 2 branches of the dungeon, and saw 9 of its levels.

You collected 461 gold pieces.

Inventory:

Hand Weapons
 j - a cursed +1 war axe
 y - a +0 hunting sling of evasion
 A - a +0 blowgun
 I - a +0 morningstar
Missiles
 d - 5 throwing nets
 z - 30 poisoned needles
 G - 10 tomahawks
 J - a large rock (quivered)
 L - 21 sling bullets
Armour
 b - a +0 robe (worn)
Jewellery
 l - an amulet of rage (around neck)
 u - a ring of poison resistance (right claw)
 x - a ring of magical power (left claw)
Wands
 a - a wand of paralysis (4/24)
 c - a wand of random effects (37/48)
 v - a wand of teleportation (7/9)
Scrolls
 h - 3 scrolls of remove curse
 n - 4 scrolls of teleportation {unknown}
 p - a scroll of identify
 s - 3 scrolls of blinking {unknown}
 t - 2 scrolls of random uselessness {unknown}
 C - a scroll of fog {unknown}
 D - a scroll of enchant weapon {unknown}
 F - 2 scrolls of magic mapping {unknown}
 H - a scroll of enchant armour {unknown}
 P - a scroll of brand weapon {unknown}
Potions
 e - a potion of mutation {unknown}
 f - a potion of degeneration {unknown}
 g - a potion of cure mutation {unknown}
 k - 2 potions of heal wounds
 m - 3 potions of curing
 q - a potion of magic {unknown}
 r - 2 potions of agility {unknown}
 w - a potion of lignification {unknown}
 B - 3 potions of invisibility
 K - a potion of might {unknown}
 M - a potion of brilliance {unknown}
 N - a potion of haste {unknown}
Comestibles
 i - 5 fruits
 o - 3 slices of pizza
 E - 3 beef jerkies
 O - a bread ration


   Skills:
 + Level 5.1 Fighting
 + Level 6.6 Throwing
 + Level 3.7(3.6) Armour
 + Level 4.9(4.8) Dodging
 + Level 3.1(3.0) Stealth
 + Level 4.7(4.6) Unarmed Combat
 + Level 3.4(3.3) Evocations


You had 8 spell levels left.
You didn't know any spells.

Dungeon Overview and Level Annotations

Branches:
Dungeon (8/15)             Temple (1/1) D:7
   Lair: D:8-11

Altars:
Dithmenos
Elyvilon
Fedhas
Kikubaaqudgha
Okawaru
Ru
Sif Muna

Shops:
D:6 =


Innate Abilities, Weirdness & Mutations

You are too large for most types of armour.
You have claws for hands.
Your metabolism is lightning-fast.
You like to eat raw meat.
You heal very quickly.
You are covered in fur (AC +1).
You have very tough skin (AC +2).


Message History

A red film seems to cover your vision as you go berserk!
You feel yourself moving faster!
You feel mighty! The wolf closely misses you. The wolf bites you.
* * * LOW HITPOINT WARNING * * *
You claw the wolf!
You kill the wolf!
Okawaru accepts your kill.
A wolf comes into view.
You feel a strong urge to attack something.
The wolf howls!
You feel your anger subside.
You are no longer berserk.
You are exhausted.
You feel yourself slow down. The wolf barely misses you.
The wolf bites you but does no damage. x2
The wolf barely misses you. The wolf bites you!
* * * LOW HITPOINT WARNING * * *
The wolf barely misses you. The wolf bites you!
You die...

.#.####..###### #. #
###..........# ....
.#.####..###.# ##.#h #.##
#..# #.# #... ..# #>.# #.#
#..# ..# ###..###.# #h.#
..###........# #..#
.............###########.†#
#####...........@h.....#.[#
#..........######..#....#
#.#...............###...#
#.#........######..#...## #
#........#### ##...#......#
#####.##....# ##.#####.#.#
#.#####.# #.# .. #.# ##.##
#.# # #.####...####.#


You could see a wolf.

Vanquished Creatures
  The ghost of Liquid the Cudgeler, a novice OgHu of Kikubaaqudgha (D:5)
  The ghost of protoss039 the Ducker, a novice DsBe of Trog (D:6)
  The ghost of Liquid the Chucker, an amateur OgHu (D:3)
  Menkaure (D:7)
  A sky beast (D:6)
  2 wolves (D:8)
  3 centaurs
  3 ogres
  An orc warrior (D:7)
  2 phantoms
  3 giant frogs (D:7)
  A scorpion (D:6)
  A wight (D:7)
  2 howler monkeys (D:4)
  2 crimson imps
  4 jellies
  9 orc wizards
  5 orc priests
  2 hounds
  Ijyb (D:2)
  A centaur skeleton (D:4)
  An iguana (D:5)
  6 worker ants
  A hound skeleton (D:4)
  A howler monkey skeleton (D:6)
  2 gnolls
  12 adders
  A shadow imp (D:6)
  An ooze (D:1)
  An adder zombie (D:7)
  2 worms (D:3)
  2 dart slugs
  5 giant geckos
  20 orcs
  6 giant cockroaches
  14 goblins
  9 hobgoblins
  10 jackals
  6 kobolds
  5 quokkas
  2 ball pythons
  11 bats
  A giant gecko zombie (D:8)
  4 giant newts
  A jackal skeleton (D:4)
  2 quokka skeletons
  7 rats
180 creatures vanquished.

Notes
Turn   | Place    | Note
--------------------------------------------------------------
     0 | D:1      | mrath the Troll Hunter began the quest for the Orb.
     0 | D:1      | Reached XP level 1. HP: 19/19 MP: 0/0
   250 | D:1      | Reached XP level 2. HP: 28/28 MP: 1/1
   568 | D:1      | Reached skill level 4 in Throwing
   568 | D:1      | Reached XP level 3. HP: 35/35 MP: 2/2
   595 | D:1      | HP: 1/35 [gnoll/flail (13)]
  1201 | D:2      | Found a white marble altar of Elyvilon.
  1264 | D:2      | Reached XP level 4. HP: 44/44 MP: 3/3
  1340 | D:2      | Found a shadowy altar of Dithmenos.
  1864 | D:3      | Found a sacrificial altar of Ru.
  1973 | D:3      | Reached XP level 5. HP: 52/52 MP: 4/4
  2049 | D:3      | Noticed Liquid's ghost (amateur OgHu)
  2736 | D:2      | Reached skill level 1 in Unarmed Combat
  2815 | D:2      | Noticed Ijyb
  2843 | D:2      | Killed Ijyb
  3098 | D:3      | Reached XP level 6. HP: 59/61 MP: 5/5
  3560 | D:3      | Killed Liquid's ghost
  3560 | D:3      | Reached skill level 1 in Armour
  3560 | D:3      | Reached skill level 1 in Stealth
  3813 | D:4      | Reached skill level 5 in Throwing
  3819 | D:4      | Reached skill level 1 in Evocations
  3819 | D:4      | Reached XP level 7. HP: 33/67 MP: 6/6
  4638 | D:5      | Entered Level 5 of the Dungeon
  4652 | D:5      | Noticed Liquid's ghost (novice OgHu)
  4879 | D:5      | Killed Liquid's ghost
  4879 | D:5      | Reached XP level 8. HP: 78/78 MP: 8/8
  6051 | D:6      | Noticed protoss039's ghost (novice DsBe)
  6633 | D:6      | Found Vaag's Jewellery Shop.
  6781 | D:6      | Found a deep blue altar of Sif Muna.
  6796 | D:6      | Killed protoss039's ghost
  6796 | D:6      | Reached skill level 6 in Throwing
  6796 | D:6      | Reached XP level 9. HP: 83/85 MP: 10/10
  7436 | D:7      | Found a deep blue altar of Sif Muna.
  7509 | D:7      | Noticed Menkaure
  7518 | D:7      | Killed Menkaure
  8046 | D:7      | Found a staircase to the Ecumenical Temple.
  8051 | Temple   | Entered the Ecumenical Temple
  8084 | Temple   | Became a worshipper of Warmaster Okawaru
  8142 | D:7      | Reached skill level 5 in Fighting
  8817 | D:8      | Slain by a wolf

Skill      XL: |  1  2  3  4  5  6  7  8  9 |
---------------+----------------------------+-----
Fighting       | 2 3 4 5 |  5.1
Throwing       | 4 5 6 |  6.6
Dodging        | 2 3 4 |  4.9
Unarmed Combat | 1 3 4 |  4.7
Armour         | 1 2 3 |  3.7
Stealth        | 1 2 3 |  3.1
Evocations     | 1 2 3 |  3.4

Action                   |  1- 3 |  4- 6 |  7- 9 || total
-------------------------+-------+-------+-------++-------
Melee: Unarmed           |   114 |   217 |   395 ||   726
       Punch             |       |       |     8 ||     8
 Fire: Hunting sling     |       |       |     5 ||     5
Throw: Large rock        |     6 |    10 |    23 ||    39
       Throwing net      |       |       |     5 ||     5
 Abil: Evoke Berserk Rag |       |     1 |     3 ||     4
  Use: Scroll            |       |       |     8 ||     8
 Stab: Sleeping          |       |     1 |     1 ||     2
       Held in net/web   |       |       |     2 ||     2
  Eat: Chunk             |    17 |    22 |    47 ||    86
Armor: Robe              |    34 |    99 |    91 ||   224
Dodge: Dodged            |    60 |   124 |   221 ||   405
